IL
LOUISVILLE BATS @ LAS VEGAS 51S
09/08/2048
 
TOP OF THE 1ST
Louisville Bats batting - Pitching for Las Vegas 51s : RHP Zhao-ying Joe
Pitching: RHP Zhao-ying Joe
Batting: SHB Paul Sandoval 0-0: Foul Ball, location: 2F
0-1: SINGLE (Line Drive, 56D, EV 103.8 MPH)
Batting: RHB Won-jun Park 0-0: Ball
1-0: Called Strike
1-1: Swinging Strike
1-2: Foul Ball, location: 2F
1-2: Strikes out swinging
Batting: RHB Bruno André 0-0: Called Strike
0-1: DOUBLE (Line Drive, 89D, EV 104.4 MPH)
Paul Sandoval to third
Runner from 3rd tries for Home, SAFE, no throw by CF
Batting: SHB Freddie Farrar 0-0: Swinging Strike
0-1: Foul Ball, location: 2F
0-2: Foul Ball, location: 2F
0-2: Foul Ball, location: 2F
0-2: Strikes out swinging
Batting: RHB Pedro Pinero 0-0: Ball
1-0: Ball
2-0: Called Strike
2-1: Swinging Strike
2-2: 2-RUN HOME RUN (Flyball, 78XD, EV 98.8 MPH), Distance : 405 ft
Batting: RHB Danny Real 0-0: Fly out, F3 (Popup, 3SF, EV 70.0 MPH)
Top of the 1st over - 3 runs, 3 hits, 0 errors, 0 left on base; Louisville 3 - Las Vegas 0
BOTTOM OF THE 1ST
Las Vegas 51s batting - Pitching for Louisville Bats : LHP Ed Chavez
Pitching: LHP Ed Chavez
Batting: RHB Finn Ross 0-0: Ball
1-0: Ball
2-0: Called Strike
2-1: Foul Ball, location: 2F
2-2: Ball
3-2: Base on Balls
Batting: SHB Jason Larson 0-0: Ball
1-0: Fly out, F7 (Flyball, 78S, EV 79.4 MPH)
Batting: SHB Harrison Feist 0-0: Ball
Finn Ross steals 2nd base
1-0: Called Strike
1-1: Ball
2-1: Foul Ball, location: 2F
2-2: Ball
3-2: Foul Ball, location: 2F
3-2: Strikes out swinging
Batting: SHB Nelson Powell 0-0: Called Strike
0-1: Swinging Strike
0-2: Ball
1-2: Foul Ball, location: 2F
1-2: Strikes out swinging
Bottom of the 1st over - 0 runs, 0 hits, 0 errors, 1 left on base; Louisville 3 - Las Vegas 0
TOP OF THE 2ND
Louisville Bats batting - Pitching for Las Vegas 51s : RHP Zhao-ying Joe
Batting: RHB Colin Lord 0-0: Swinging Strike
0-1: SINGLE (Groundball, 4S, EV 62.5 MPH) (infield hit)
Batting: RHB Ryan Short 0-0: Foul Ball, location: 2F
0-1: SINGLE (Line Drive, 8RS, EV 111.2 MPH)
Colin Lord to second
Batting: RHB Jay Jacobson 0-0: Ball
1-0: Called Strike
1-1: Swinging Strike
1-2: Foul Ball, location: 2F
1-2: Ball
2-2: Foul Ball, location: 2F
2-2: Strikes out swinging
Batting: SHB Paul Sandoval 0-0: Fly out, F9 (Flyball, 9D, EV 100.0 MPH)
Runner from 2nd tags up, SAFE at 3rd, no throw by RF
Batting: RHB Won-jun Park 0-0: Ball
1-0: Ball
2-0: Foul Ball, location: 2F
2-1: SINGLE (Line Drive, 56D, EV 99.4 MPH)
Colin Lord scores
Ryan Short to second
Batting: RHB Bruno André 0-0: Called Strike
0-1: Ball
1-1: Foul Ball, location: 2F
1-2: Ball
2-2: Strikes out looking
Top of the 2nd over - 1 run, 3 hits, 0 errors, 2 left on base; Louisville 4 - Las Vegas 0
BOTTOM OF THE 2ND
Las Vegas 51s batting - Pitching for Louisville Bats : LHP Ed Chavez
Batting: LHB Bill Armijo 0-0: Ground out U3 (Groundball, 3, EV 88.1 MPH)
Batting: RHB Jordan Fairburn 0-0: Ball
1-0: Ground out 6-3 (Groundball, 6M, EV 81.9 MPH)
Batting: RHB Devine Adams 0-0: Ground out 5-3 (Groundball, 56, EV 86.2 MPH)
Bottom of the 2nd over - 0 runs, 0 hits, 0 errors, 0 left on base; Louisville 4 - Las Vegas 0
TOP OF THE 3RD
Louisville Bats batting - Pitching for Las Vegas 51s : RHP Zhao-ying Joe
Batting: SHB Freddie Farrar 0-0: Ground out 4-3 (Groundball, 4, EV 85.6 MPH)
Batting: RHB Pedro Pinero 0-0: Ball
1-0: Swinging Strike
1-1: Swinging Strike
1-2: Ground out U3 (Groundball, 34, EV 86.9 MPH)
Batting: RHB Danny Real 0-0: SINGLE (Groundball, 6MD, EV 103.1 MPH)
Batting: RHB Colin Lord 0-0: Foul Ball, location: 2F
0-1: Ball
1-1: Ball
2-1: Ball
3-1: Ground out 4-3 (Groundball, 4, EV 85.0 MPH)
Top of the 3rd over - 0 runs, 1 hit, 0 errors, 1 left on base; Louisville 4 - Las Vegas 0
BOTTOM OF THE 3RD
Las Vegas 51s batting - Pitching for Louisville Bats : LHP Ed Chavez
Batting: RHB Zhao-ying Joe 0-0: Ball
1-0: SINGLE (Groundball, 5S, EV 66.9 MPH) (infield hit)
Batting: RHB Alex Vasquez 0-0: Ball
1-0: Ball
2-0: SINGLE (Flyball, 6D, EV 89.4 MPH)
Zhao-ying Joe to second
Batting: RHB Finn Ross 0-0: Called Strike
0-1: Swinging Strike
0-2: Foul Ball, location: 2F
0-2: Ball
1-2: Ball
2-2: Ball
3-2: Foul Ball, location: 2F
3-2: Base on Balls
Zhao-ying Joe to third
Alex Vasquez to second
Batting: SHB Jason Larson 0-0: Foul Ball, location: 2F
0-1: Called Strike
0-2: Foul Ball, location: 2F
0-2: Strikes out looking
Batting: SHB Harrison Feist 0-0: Ball
1-0: Foul Ball, location: 2F
1-1: Ball
2-1: Fly out, F9 (Flyball, 9, EV 88.8 MPH)
Batting: SHB Nelson Powell 0-0: Foul Ball, location: 2F
0-1: Called Strike
0-2: SINGLE (Line Drive, 8RS, EV 98.1 MPH)
Zhao-ying Joe scores
Alex Vasquez to third
Finn Ross to second
Batting: LHB Bill Armijo 0-0: Ball
1-0: Foul Ball, location: 2F
1-1: Ball
2-1: Called Strike
2-2: Ball
3-2: Strikes out swinging
Bottom of the 3rd over - 1 run, 3 hits, 0 errors, 3 left on base; Louisville 4 - Las Vegas 1
TOP OF THE 4TH
Louisville Bats batting - Pitching for Las Vegas 51s : RHP Zhao-ying Joe
Batting: RHB Ryan Short 0-0: Ball
1-0: Ball
2-0: Ball
3-0: SINGLE (Groundball, 56D, EV 98.1 MPH)
Batting: RHB Jay Jacobson 0-0: Ball
1-0: Ball
2-0: Fly out, F9 (Flyball, 9D, EV 96.9 MPH)
Runner from 1st tags up, SAFE at 2nd
Batting: SHB Paul Sandoval 0-0: Called Strike
Ryan Short steals 3rd base
0-1: Foul Ball, location: 2F
0-2: DOUBLE (Groundball, 5L, EV 98.1 MPH)
Ryan Short scores
Pitching: RHP Brian Wood
Batting: RHB Won-jun Park 0-0: Foul Ball, location: 2F
0-1: Fly out, F3 (Popup, 3DF, EV 71.9 MPH)
Batting: RHB Bruno André 0-0: Ball
1-0: Called Strike
1-1: Foul Ball, location: 2F
1-2: Strikes out swinging
Top of the 4th over - 1 run, 2 hits, 0 errors, 1 left on base; Louisville 5 - Las Vegas 1
BOTTOM OF THE 4TH
Las Vegas 51s batting - Pitching for Louisville Bats : LHP Ed Chavez
Batting: RHB Jordan Fairburn 0-0: Called Strike
0-1: Foul Ball, location: 2F
0-2: Ball
1-2: Fly out, F8 (Flyball, 8LXD, EV 104.4 MPH)
Batting: RHB Devine Adams 0-0: Ball
1-0: SINGLE (Groundball, 34D, EV 103.8 MPH)
Batting: RHB Zhao-ying Joe 0-0: Foul Ball, location: 2F
0-1: Fly out, F3 (Popup, 3F, EV 74.4 MPH)
Batting: RHB Alex Vasquez 0-0: Ball
1-0: Ball
2-0: Ball
3-0: Called Strike
3-1: Swinging Strike
3-2: DOUBLE (Groundball, 5L, EV 115.0 MPH)
Devine Adams to third
Devine Adams scores
Batting: RHB Finn Ross 0-0: Called Strike
0-1: Ball
1-1: Ball
2-1: Foul Ball, location: 2F
2-2: Ball
3-2: Fly out, F9 (Line Drive, 89M, EV 91.9 MPH)
Bottom of the 4th over - 1 run, 2 hits, 0 errors, 1 left on base; Louisville 5 - Las Vegas 2
TOP OF THE 5TH
Louisville Bats batting - Pitching for Las Vegas 51s : RHP Brian Wood
Batting: SHB Freddie Farrar 0-0: Foul Ball, location: 2F
0-1: Called Strike
0-2: Ball
1-2: Ball
2-2: Strikes out looking
Batting: RHB Pedro Pinero 0-0: SINGLE (Line Drive, 56, EV 96.2 MPH)
Batting: RHB Danny Real 0-0: Called Strike
0-1: 2-RUN HOME RUN (Flyball, 78XD, EV 106.9 MPH), Distance : 421 ft
Batting: RHB Colin Lord 0-0: Foul Ball, location: 2F
0-1: Ground out 6-3 (Groundball, 6, EV 86.2 MPH)
Batting: RHB Ryan Short 0-0: SINGLE (Groundball, 6MD, EV 95.6 MPH)
Batting: RHB Jay Jacobson 0-0: Ball
1-0: Called Strike
1-1: Ball
2-1: Ball
3-1: Base on Balls
Ryan Short to second
Batting: SHB Paul Sandoval 0-0: Ball
1-0: Called Strike
1-1: Swinging Strike
1-2: Strikes out swinging
Top of the 5th over - 2 runs, 3 hits, 0 errors, 2 left on base; Louisville 7 - Las Vegas 2
BOTTOM OF THE 5TH
Las Vegas 51s batting - Pitching for Louisville Bats : LHP Ed Chavez
Batting: SHB Jason Larson 0-0: Ball
1-0: Ball
2-0: Ball
3-0: Called Strike
3-1: SINGLE (Groundball, 6MS, EV 71.9 MPH) (infield hit)
Batting: SHB Harrison Feist 0-0: SINGLE (Groundball, 6MD, EV 101.2 MPH)
Jason Larson to second
Batting: SHB Nelson Powell 0-0: Called Strike
0-1: Ball
1-1: Ball
2-1: Foul Ball, location: 2F
2-2: Strikes out swinging
Batting: LHB Bill Armijo 0-0: Called Strike
0-1: Ball
1-1: Fly out, F7 (Flyball, 78S, EV 85.6 MPH)
Batting: RHB Jordan Fairburn 0-0: Called Strike
0-1: Ball
1-1: Swinging Strike
1-2: Foul Ball, location: 2F
1-2: Foul Ball, location: 2F
1-2: Strikes out swinging
Bottom of the 5th over - 0 runs, 2 hits, 0 errors, 2 left on base; Louisville 7 - Las Vegas 2
TOP OF THE 6TH
Louisville Bats batting - Pitching for Las Vegas 51s : RHP Brian Wood
Batting: RHB Won-jun Park 0-0: Foul Ball, location: 2F
0-1: Ball
1-1: Ball
2-1: Ground out 5-3 (Groundball, 5, EV 91.9 MPH)
Batting: RHB Bruno André 0-0: Ball
1-0: Ball
2-0: Ball
3-0: Called Strike
3-1: Swinging Strike
3-2: Foul Ball, location: 2F
3-2: Foul Ball, location: 2F
3-2: Ground out U3 (Groundball, 34, EV 85.6 MPH)
Batting: SHB Freddie Farrar 0-0: Ball
1-0: Foul Ball, location: 2F
1-1: Swinging Strike
1-2: SINGLE (Groundball, 4MD, EV 96.2 MPH)
Batting: RHB Pedro Pinero 0-0: Ground out U3 (Groundball, 3S, EV 68.1 MPH)
Top of the 6th over - 0 runs, 1 hit, 0 errors, 1 left on base; Louisville 7 - Las Vegas 2
BOTTOM OF THE 6TH
Las Vegas 51s batting - Pitching for Louisville Bats : LHP Ed Chavez
Batting: RHB Devine Adams 0-0: Called Strike
0-1: Ball
1-1: Ground out 4-3 (Groundball, 4, EV 107.5 MPH)
Batting: RHB Zhao-ying Joe 0-0: Ball
1-0: SINGLE (Line Drive, 89S, EV 100.0 MPH)
Batting: RHB Alex Vasquez 0-0: Ball
1-0: Called Strike
1-1: Ball
2-1: Called Strike
2-2: Foul Ball, location: 2F
2-2: Foul Ball, location: 2F
2-2: Ball
3-2: Foul Ball, location: 2F
3-2: Base on Balls
Zhao-ying Joe to second
Pitching: RHP Hideki Kobayashi
Batting: RHB Finn Ross 0-0: Called Strike
0-1: Fielders Choice at 2nd, 6-4 (Groundball, 6, EV 76.9 MPH)
Zhao-ying Joe to third
Batting: SHB Jason Larson 0-0: Ball
1-0: Called Strike
Finn Ross steals 2nd base
1-1: Ball
Wild Pitch!
Zhao-ying Joe scores
Finn Ross to third
2-1: Ball
3-1: Ground out 4-3 (Groundball, 4, EV 98.1 MPH)
Bottom of the 6th over - 1 run, 1 hit, 0 errors, 1 left on base; Louisville 7 - Las Vegas 3
TOP OF THE 7TH
Louisville Bats batting - Pitching for Las Vegas 51s : RHP Brian Wood
Pitching: RHP Ryan Wilson
Batting: RHB Danny Real 0-0: Ball
1-0: Swinging Strike
1-1: Ball
2-1: Ball
3-1: Foul Ball, location: 2F
3-2: Ground out 2-3 (Groundball, 2R, EV 77.5 MPH)
Batting: RHB Colin Lord 0-0: Ground out U3 (Groundball, 34, EV 85.0 MPH)
Batting: RHB Ryan Short 0-0: Called Strike
0-1: Called Strike
0-2: Ball
1-2: SINGLE (Groundball, 56D, EV 104.4 MPH)
Batting: RHB Jay Jacobson 0-0: Ball
1-0: Foul Ball, location: 2F
1-1: Called Strike
Ryan Short is caught stealing 2nd base 2-4
Top of the 7th over - 0 runs, 1 hit, 0 errors, 0 left on base; Louisville 7 - Las Vegas 3
BOTTOM OF THE 7TH
Las Vegas 51s batting - Pitching for Louisville Bats : RHP Hideki Kobayashi
Batting: SHB Harrison Feist 0-0: Foul Ball, location: 2F
0-1: Called Strike
0-2: Ball
1-2: Foul Ball, location: 2F
1-2: Ball
2-2: Fly out, F8 (Flyball, 8RD, EV 98.8 MPH)
Batting: SHB Nelson Powell 0-0: Called Strike
0-1: Foul Ball, location: 2F
0-2: Ball
1-2: Foul Ball, location: 2F
1-2: Strikes out looking
Batting: LHB Bill Armijo 0-0: Ground out 4-3 (Groundball, 4, EV 102.5 MPH)
Bottom of the 7th over - 0 runs, 0 hits, 0 errors, 0 left on base; Louisville 7 - Las Vegas 3
TOP OF THE 8TH
Louisville Bats batting - Pitching for Las Vegas 51s : RHP Ryan Wilson
Pitching: LHP Jimmy Rush
Batting: RHB Jay Jacobson 0-0: Ball
1-0: Ball
2-0: Called Strike
2-1: Swinging Strike
2-2: Ball
3-2: Strikes out swinging
Batting: SHB Paul Sandoval 0-0: Swinging Strike
0-1: Ground out 4-3 (Groundball, 4, EV 81.2 MPH)
Batting: RHB Won-jun Park 0-0: Ball
1-0: Ball
2-0: Ball
3-0: Base on Balls
Batting: RHB Bruno André 0-0: Ball
1-0: Ball
2-0: Ball
3-0: Base on Balls
Won-jun Park to second
Batting: SHB Freddie Farrar 0-0: Called Strike
0-1: Ball
1-1: Ball
2-1: Ball
3-1: Called Strike
3-2: Base on Balls
Won-jun Park to third
Bruno André to second
Batting: RHB Pedro Pinero 0-0: Called Strike
0-1: Ground out U3 (Groundball, 34S, EV 90.6 MPH)
Top of the 8th over - 0 runs, 0 hits, 0 errors, 3 left on base; Louisville 7 - Las Vegas 3
BOTTOM OF THE 8TH
Las Vegas 51s batting - Pitching for Louisville Bats : RHP Hideki Kobayashi
Batting: RHB Jordan Fairburn 0-0: Ball
1-0: Called Strike
1-1: Foul Ball, location: 2F
1-2: Foul Ball, location: 2F
1-2: Strikes out swinging
Batting: RHB Devine Adams 0-0: Ball
1-0: Fly out, F9 (Flyball, 9LS, EV 91.2 MPH)
Batting: RHB Zhao-ying Joe 0-0: Called Strike
0-1: Ball
1-1: SINGLE (Line Drive, 5D, EV 112.5 MPH)
Batting: RHB Alex Vasquez 0-0: Foul Ball, location: 2F
0-1: Fly out, F8 (Flyball, 8RD, EV 101.2 MPH)
Bottom of the 8th over - 0 runs, 1 hit, 0 errors, 1 left on base; Louisville 7 - Las Vegas 3
TOP OF THE 9TH
Louisville Bats batting - Pitching for Las Vegas 51s : LHP Jimmy Rush
Batting: RHB Danny Real 0-0: Swinging Strike
0-1: Foul Ball, location: 2F
0-2: Ball
1-2: Ball
2-2: Foul Ball, location: 2F
2-2: Strikes out swinging
Batting: RHB Colin Lord 0-0: Called Strike
0-1: Ball
1-1: TRIPLE (Flyball, 9D, EV 94.4 MPH)
Batting: RHB Ryan Short 0-0: Swinging Strike
0-1: SINGLE (Line Drive, 6MD, EV 96.2 MPH)
Colin Lord scores
Batting: RHB Jay Jacobson 0-0: Called Strike
0-1: Ball
1-1: Called Strike
1-2: Ground out 5-3 (Groundball, 5S, EV 73.1 MPH)
Ryan Short to second
Batting: SHB Paul Sandoval 0-0: SINGLE (Groundball, 56D, EV 99.4 MPH)
Ryan Short to third
Runner from 3rd tries for Home, throw by LF and OUT! 7-2
Top of the 9th over - 1 run, 3 hits, 0 errors, 1 left on base; Louisville 8 - Las Vegas 3
BOTTOM OF THE 9TH
Las Vegas 51s batting - Pitching for Louisville Bats : RHP Hideki Kobayashi
Batting: RHB Finn Ross 0-0: Called Strike
0-1: Ball
1-1: Swinging Strike
1-2: Strikes out swinging
Batting: SHB Jason Larson 0-0: Ball
1-0: SINGLE (Flyball, 34D, EV 88.1 MPH)
Batting: SHB Harrison Feist 0-0: Ball
1-0: Ball
2-0: Ball
3-0: Base on Balls
Jason Larson to second
Batting: SHB Nelson Powell 0-0: Ball
1-0: Ball
2-0: Ball
3-0: Called Strike
3-1: Called Strike
3-2: Foul Ball, location: 2F
3-2: Base on Balls
Jason Larson to third
Harrison Feist to second
Pitching: LHP Jin Zhui
Pinch Hitting: RHB Josh Jones 0-0: Called Strike
0-1: Fly out, F6 (Popup, 6MD, EV 59.4 MPH)
Batting: RHB Jordan Fairburn 0-0: Swinging Strike
0-1: Ball
1-1: Ball
2-1: SINGLE (Line Drive, 89M, EV 98.8 MPH)
Jason Larson scores
Harrison Feist to third
Nelson Powell to second
Pitching: RHP Giovonni Morgia
Batting: RHB Devine Adams 0-0: Called Strike
0-1: Ground out 4-3 (Groundball, 4, EV 88.8 MPH)
Bottom of the 9th over - 1 run, 2 hits, 0 errors, 3 left on base; Louisville 8 - Las Vegas 4
Tuesday, March 28th , 2023 - OOTP Baseball 23.10 Build 110